 Dungeon Crawl Stone Soup version 0.32-a0-22-g6ae6769602 (webtiles) character file.

Game seed: 9149373593085360502

254 CowFu the Ruffian (level 5, 0/45 HPs)
             Began as a Draconian Shapeshifter on Jan 19, 2024.
             Was a Follower of Wu Jian.
             Splashed by a jelly's acid (9 damage)
             ... on level 5 of the Dungeon.
             The game lasted 00:03:01 (2775 turns).

CowFu the Ruffian (Draconian Shapeshifter)          Turns: 2775, Time: 00:03:01

Health: 0/45       AC:  1    Str: 19    XL:     5   Next: 91%
Magic:  5/5        EV: 10    Int: 10    God:    Wu Jian [*.....]
Gold:   324        SH:  6    Dex: 10    Spells: 4/4 levels left

rFire   . .          .
                       - Unarmed
rCold   . . .        j - +0 kite shield
rNeg    . . .        (body armour unavailable)
rPois   .            (helmet currently unavailable)
rElec   .            (cloak currently unavailable)
rCorr   .            (gloves currently unavailable)
SInv    .            (boots currently unavailable)
Will    .....        (no amulet)
Stlth   +            (no ring)
HPRegen 0.27/turn    (no ring)
MPRegen 0.09/turn

%: no passive effects
@: beast-form, corroded
A: beast (slay +2), AC +5, unfitting armour, cold-blooded
a: Begin Untransformation, Renounce Religion


You were on level 5 of the Dungeon.
You worshipped Wu Jian.
Wu Jian was aware of your devotion.
You were a hulking beast.
You visited 1 branch of the dungeon, and saw 5 of its levels.

You collected 324 gold pieces.

Inventory:

Armour
 g - a +0 cloak of willpower
 j - a +0 kite shield (worn)
 l - the +4 pair of gloves of Incorporation {rPois rF+ rC+ Str+3}
   (You found it on level 2 of the Dungeon)

   Str+3:     It affects your strength (+3).
   rF+:       It protects you from fire.
   rC+:       It protects you from cold.
   rPois:     It protects you from poison
 x - a scarf of invisibility
Jewellery
 k - an amulet of reflection
 s - a ring of see invisible
Talismans
 b - a beast talisman
 c - a flux talisman
 w - a blade talisman
Wands
 u - a wand of paralysis (3)
Scrolls
 e - 3 scrolls of identify {unknown}
 f - a scroll of blinking {unknown}
 h - 4 scrolls of teleportation {unknown}
 n - a scroll of fog {unknown}
 p - a scroll of amnesia {unknown}
 q - 2 scrolls of vulnerability {unknown}
 t - a scroll of enchant armour {unknown}
Potions
 a - a potion of lignification
 d - 2 potions of haste {unknown}
 i - 2 potions of heal wounds {unknown}
 m - 2 potions of curing {unknown}
 o - a potion of degeneration {unknown}
 r - a potion of mutation {unknown}
 v - a potion of ambrosia {unknown}


   Skills:
 - Level 3.0 Fighting
 - Level 2.0 Dodging
 + Level 4.8 Unarmed Combat
 + Level 4.4 Shapeshifting


You had 4 spell levels left.
You didn't know any spells.
Your spell library contained the following spells:

 Spells                   Type           Power      Damage    Failure   Level
 Magic Dart               Conj           0%         1d3       73%         1
 Shock                    Conj/Air       0%         1d3       73%         1
 Blink                    Tloc           0%         N/A       86%         2
 Call Imp                 Summ           0%         N/A       86%         2
 Swiftness                Air            0%         N/A       97%         3
 Airstrike                Air            0%         2d(0-16)  100%        4


Dungeon Overview and Level Annotations

Branches:
Dungeon (5/15)
 Temple: D:4-7

Altars:
Hepliaklqana
Wu Jian

Annotations:
D:3 1 runed translucent door, croobank's ghost, amateur HuNe


Innate Abilities, Weirdness & Mutations

You are a hulking beast.
Your limbs bulge with bestial killing power. (Slay +2)
Your plain brown scales are hard. (AC +5)
You cannot fit into any form of body armour.
You are cold-blooded and may be slowed by cold attacks.


Message History

The howler monkey is moderately wounded.
The howler monkey hits you.
The howler monkey hoots and howls with incredible vigour!
You hear an angry hiss.
You punch the howler monkey!
You kill the howler monkey!
The Council accepts your kill.
No target in view!
An ogre comes into view. It is wielding a +0 giant club.
An ogre is nearby!
A jelly comes into view.
There are monsters nearby!
There are monsters nearby!
You hit the ogre. You tail-slap the ogre.
The ogre is moderately wounded.
You block the ogre's attack.
You hit the ogre. You tail-slap the ogre.
The ogre is moderately wounded.
The ogre hits you with a +0 giant club!!
Ouch! That really hurt!
* * * LOW HITPOINT WARNING * * *
You punch the ogre!
The ogre is severely wounded.
You hit the ogre.
The ogre is almost dead.
The ogre closely misses you.
You barely miss the ogre.
The ogre is almost dead.
You block the jelly's attack. The ogre hits you with a +0 giant club.
* * * LOW HITPOINT WARNING * * *
You barely miss the ogre. You tail-slap the ogre.
The ogre is almost dead.
The jelly barely misses you.
You hit the ogre.
You kill the ogre!
The Council accepts your kill. The jelly hits you.
* * * LOW HITPOINT WARNING * * *
The acid corrodes you!
You are splashed with acid!
You die...

#######
#.....#
#....<#
#....†#
#.....#
#.h...#
#..)J..#
#.......#
#..#.#..#
.....#..#
......#..#
.##..#.#..#
#. #.. ..


You could see a jelly.

Vanquished Creatures
  An ogre (D:5)
  A howler monkey (D:5)
  A hound (D:4)
  An orc priest (D:4)
  A sleepcap (D:4)
  Robin (D:2)
  4 adders
  A white imp (D:4)
  2 ribbon worms
  A dart slug (D:1)
  3 orcs (D:4)
  5 ball pythons
  3 endoplasms
  2 giant cockroaches
  12 goblins
  9 hobgoblins
  3 kobolds
  2 quokkas
  7 bats
  8 frilled lizards
  4 rats
72 creatures vanquished.

Notes
Turn   | Place    | Note
-------+----------+-------------------------------------------
     0 | D:1      | CowFu the Draconian Shapeshifter began the quest for the
                  | Orb.
     0 | D:1      | Reached XP level 1. HP: 16/16 MP: 1/1
   234 | D:1      | Reached XP level 2. HP: 23/23 MP: 2/2
   672 | D:2      | Reached XP level 3. HP: 27/29 MP: 3/3
   846 | D:2      | Identified the +4 pair of gloves of Incorporation {rPois
                  | rF+ rC+ Str+3}
  1043 | D:2      | Noticed Robin
  1080 | D:2      | Killed Robin
  1081 | D:2      | Reached XP level 4. HP: 22/37 MP: 4/4
  1464 | D:3      | Found a runed translucent door.
  1464 | D:3      | Noticed croobank's ghost (amateur HuNe)
  1871 | D:3      | Found a faded altar of an unknown god.
  1874 | D:3      | Identified the +1 scale mail "Momackamp" {Rampage}
  1888 | D:3      | Prayed at the altar of an unknown god.
  1888 | D:3      | Became a worshipper of the Wu Jian Council
  1888 | D:3      | Reached * piety under Wu Jian
  2160 | D:4      | Found a hazy altar of Hepliaklqana.
  2206 | D:4      | Reached XP level 5. HP: 42/45 MP: 5/5
  2751 | D:5      | Entered Level 5 of the Dungeon
  2765 | D:5      | Noticed an ogre
  2775 | D:5      | Killed an ogre
  2775 | D:5      | Splashed by a jelly's acid

Illustrated notes

Levels and vault maps discovered:
D:1:      shiori_arrival_elements, layout_basic, dreamdust_princess_bridge,
          minmay_split_cup_small
D:2:      layout_basic, uniq_robin
D:3:      layout_rooms, hellmonk_ecumenical_altar_lost_god,
          gammafunk_ghost_grave, serial_park_tiny_1
D:4:      layout_basic, amcnicky_altar_gilded
D:5:      layout_loops_cross, dk_vineyard_2

Skill      XL: |  1  2  3  4  5 |
---------------+----------------+-----
Dodging        | 2 |  2.0
Fighting       | 2 3 |  3.0
Unarmed Combat | 4 |  4.8
Shapeshifting  | 4 |  4.4

Action                     |  1- 3 |  4- 6 || total
---------------------------+-------+-------++-------
  Melee: Unarmed           |    94 |   104 ||   198
         Tailslap          |    13 |    14 ||    27
         Punch             |     1 |       ||     1
Ability: Lunge             |       |     2 ||     2
 Armour: Skin              |    53 |    54 ||   107
  Dodge: Dodged            |    56 |    36 ||    92
  Block: Kite shield       |    16 |    31 ||    47

Table legend: (Time is in decaauts)
 A = Elapsed time spent in this place.
 B = Non-inter-level travel time spent in this place.
 C = Inter-level travel time spent in this place.
 D = Time resting spent in this place.
 E = Time spent auto-exploring this place.
 F = Levels seen in this place.
 G = Mean time per level.
                   A        B        C        D        E       F      G
               +--------+--------+--------+--------+--------+-----+--------+
         Total |   2787 |   2707 |     80 |      0 |   2201 |   5 |  557.4 |
       Dungeon |   2787 |   2707 |     80 |      0 |   2201 |   5 |  557.4 |
               +--------+--------+--------+--------+--------+-----+--------+

Top non-repeatable levels by time:
     D:2: 865 daAuts
     D:4: 706 daAuts
     D:3: 621 daAuts
     D:1: 569 daAuts
     D:5: 24 daAuts
